 Dungeon Crawl Stone Soup version 0.31-a0-175-g9f7f995f2b (webtiles) character file.

Game seed: 11813548015768460691

147 Moral the Ogre Mage (level 5, -1/53 HPs)
             Began as an Ogre Air Elementalist on June 17, 2023.
             Slain by a quokka (2 damage)
             ... on level 2 of the Dungeon.
             The game lasted 00:10:34 (2507 turns).

Moral the Ogre Mage (Ogre Air Elementalist)         Turns: 2507, Time: 00:10:35

Health: -1/53      AC:  3    Str: 12    XL:     5   Next: 29%
Magic:  5/11       EV: 10    Int: 18    God:
Gold:   123        SH:  0    Dex: 12    Spells: 11/12 levels left

rFire   . . .        c - +1 dagger (drain)
rCold   . . .        (no shield)
rNeg    . . .        a - +0 robe
rPois   .            (helmet restricted)
rElec   .            (no cloak)
rCorr   .            (gloves unavailable)
SInv    .            (boots unavailable)
Will    ++...        (no amulet)
Stlth   ++           d - ring of willpower
HPRegen 0.28/turn    f - ring of Deukoit Boll {Dex+3 Slay+4}
MPRegen 0.12/turn

%: no passive effects
@: brilliant, attractive, enlightened, flying
A: large, unfitting armour, tough skin 1
a: no special abilities


You were on level 2 of the Dungeon.
You visited 1 branch of the dungeon, and saw 3 of its levels.

You collected 123 gold pieces.

Inventory:

Hand Weapons
 c - a +1 dagger of draining (weapon)
Armour
 a - a +0 robe (worn)
Jewellery
 d - a ring of willpower (left hand)
 f - the ring of Deukoit Boll (right hand) {Dex+3 Slay+4}
   (You found it on level 2 of the Dungeon)

   [ring of slaying]

   Dex:       It affects your dexterity (+3).
   Slay:      It affects your accuracy & damage with ranged weapons and melee
   (+4).
Scrolls
 e - 2 scrolls of identify
Potions
 b - a potion of magic


   Skills:
 * Level 3.4 Fighting
 - Level 1.7 Dodging
 - Level 1.4 Stealth
 * Level 4.0 Spellcasting
 + Level 1.8 Conjurations
 + Level 3.2 Air Magic


You had 11 spell levels left.
You knew the following spells:

 Your Spells              Type           Power      Damage    Failure   Level
a - Shock                 Conj/Air       76%        1d7       5%          1

Your spell library contained the following spells:

 Spells                   Type           Power      Damage    Failure   Level
 Static Discharge         Conj/Air       38%        2-4/arc   8%          2
 Swiftness                Air            22%        N/A       12%         3
 Airstrike                Air            11%        2d(2-18)  36%         4


Dungeon Overview and Level Annotations

Branches:
Dungeon (3/15)

Altars:
Dithmenos


Innate Abilities, Weirdness & Mutations

You are too large for most types of armour.
You have tough skin. (AC +1)


Message History

* * * LOW HITPOINT WARNING * * *
You are poisoned.
The adder poisons you!
You feel sick. The gnoll is attracted toward you.
The kobold is attracted toward you.
It was a potion of enlightenment.
You feel very buoyant.
You fly up into the air.
You feel sick. The quokka barely misses you. The adder barely misses you.
The quokka closely misses you.
You feel sick. The adder bites you.
* * * LOW HITPOINT WARNING * * *
* * * LOW HITPOINT WARNING * * *
You feel sick. The kobold is attracted toward you.
Okay, then.
You hit the adder. You drain the adder.
You kill the adder!
* * * LOW HITPOINT WARNING * * *
You feel sick.
You are no longer poisoned.
The quokka bites you but does no damage.
Your Spellcasting skill increases to level 4!
Unknown command.
Casting: Shock (safe; 5% risk of failure)
Confirm with . or Enter, or press ? or * to list all spells.
Aiming: Shock (safe; 5% risk of failure)
Press: ? - help, Shift-Dir - straight line You feel a surge of power!
The zap hits the kobold.
You kill the kobold!
The zap misses the gnoll.
The quokka barely misses you.
Casting: Shock (safe; 5% risk of failure)
Confirm with . or Enter, or press ? or * to list all spells.
Aiming: Shock (safe; 5% risk of failure)
Press: ? - help, Shift-Dir - straight line You feel a surge of power!
The zap hits the gnoll.
The gnoll is almost dead.
The zap hits the gnoll.
You kill the gnoll!
The quokka bites you but does no damage.
The quokka bites you.
You die...

#)...# #......#
#........# #...>#
#..[...# ########.##
#....###......# #..###
#...>..##.)..######
##...#
#......###§#.....)##
###..
#####..[...######..####
###
###.....######....#####
###..§.)......#.#...#
##...r@.........#.#####
###.####..............
####.###..####.<.....##
#........## ###..#....
#)##.###.)# ##.#.##.
#.##.###..# #.#.##.
#.........### #....##
##..##..##...# ###..##
#..####.####.# #....


You could see a quokka.

Vanquished Creatures
  Jessica (D:2)
  Terence (D:2)
  Robin (D:2)
  2 gnolls (D:2)
  2 adders (D:2)
  4 dart slugs (D:1)
  An endoplasm (D:2)
  A giant cockroach (D:2)
  9 goblins
  8 hobgoblins
  A jackal (D:2)
  3 kobolds (D:2)
  2 quokkas (D:1)
  2 ball pythons
  5 bats
  3 frilled lizards
  5 rats
51 creatures vanquished.

Notes
Turn   | Place    | Note
-------+----------+-------------------------------------------
     0 | D:1      | Moral the Ogre Air Elementalist began the quest for the
                  | Orb.
     0 | D:1      | Reached XP level 1. HP: 16/16 MP: 3/3
   118 | D:1      | Reached skill level 1 in Conjurations
   207 | D:1      | Reached skill level 1 in Fighting
   243 | D:1      | Reached XP level 2. HP: 27/27 MP: 0/5
   782 | D:1      | Reached skill level 3 in Spellcasting
  1049 | D:1      | Reached XP level 3. HP: 35/35 MP: 1/7
  1303 | D:2      | Identified the ring of Deukoit Boll {Dex+3 Slay+4}
  1460 | D:2      | Noticed Jessica
  1463 | D:2      | Killed Jessica
  1464 | D:2      | Reached XP level 4. HP: 44/44 MP: 5/9
  1498 | D:2      | Noticed Terence
  1516 | D:2      | Killed Terence
  1980 | D:2      | Noticed Robin
  2257 | D:2      | Killed Robin
  2258 | D:2      | Reached XP level 5. HP: 44/53 MP: 1/10
  2445 | D:3      | Found a shadowy altar of Dithmenos.
  2503 | D:2      | HP: 2/53 [adder (4)]
  2506 | D:2      | Reached skill level 4 in Spellcasting
  2507 | D:2      | Slain by a quokka

Illustrated notes

Levels and vault maps discovered:
D:1:      saegor_arrival_miasma, layout_basic, hangedman_decor_lopped
D:2:      layout_rooms, minmay_between, uniq_robin, uniq_jessica, uniq_terence
D:3:      layout_basic, general_overflow_altar, uniq_grinder

Skill      XL: |  1  2  3  4  5 |
---------------+----------------+-----
Conjurations   | 1 |  1.8
Fighting       | 1 2 3 |  3.4
Spellcasting   | 3 4 |  4.0
Air Magic      | 3 |  3.2
Dodging        | |  1.7
Stealth        | |  1.4

Action                     |  1- 3 |  4- 6 || total
---------------------------+-------+-------++-------
  Melee: Unarmed           |     6 |       ||     6
         Dagger            |     4 |    11 ||    15
   Cast: Shock             |    50 |    55 ||   105
    Use: Scroll            |       |     2 ||     2
         Potion            |       |     4 ||     4
 Armour: Robe              |     6 |    11 ||    17
  Dodge: Dodged            |     9 |    51 ||    60

Table legend: (Time is in decaauts)
 A = Elapsed time spent in this place.
 B = Non-inter-level travel time spent in this place.
 C = Inter-level travel time spent in this place.
 D = Time resting spent in this place.
 E = Time spent auto-exploring this place.
 F = Levels seen in this place.
 G = Mean time per level.
                   A        B        C        D        E       F      G
               +--------+--------+--------+--------+--------+-----+--------+
         Total |   2507 |   2431 |     76 |    409 |   1731 |   3 |  835.7 |
       Dungeon |   2507 |   2431 |     76 |    409 |   1731 |   3 |  835.7 |
               +--------+--------+--------+--------+--------+-----+--------+

Top non-repeatable levels by time:
     D:1: 1444 daAuts
     D:2: 1057 daAuts
     D:3: 6 daAuts
